 Dungeon Crawl Stone Soup version 0.30-a0-137-gd8773701ce (webtiles) character file.

Game seed: 12166817562771918588

396 jimonade the Covert (level 7, -28/40 HPs)
             Began as a Kobold Brigand on Sept 21, 2022.
             Was an Initiate of Ashenzari.
             Annihilated by an ogre
             ... wielding a +0 giant club
              (29 damage)
             ... on level 4 of the Dungeon.
             The game lasted 00:06:02 (2942 turns).

jimonade the Covert (Kobold Brigand)                Turns: 2942, Time: 00:06:03

Health: -28/40     AC:  6    Str:  8    XL:     7   Next: 9%
Magic:  16/16      EV: 14    Int: 12    God:    Ashenzari [......]
Gold:   94         SH:  0    Dex: 19    Spells: 6/6 levels left

rFire   . . .      SeeInvis .    a - +2 dagger
rCold   . . .      Faith    .    (no shield)
rNeg    . . .      Spirit   .    r - +0 robe
rPois   .          Reflect  .    f - +2 helmet
rElec   .          Harm     .    g - scarf {repulsion}
rCorr   .          Rampage  .    A - +0 pair of gloves
Will    .....                    (no boots)
Stlth   +++++.....               x - amulet of magic regeneration
HPRegen 0.13/turn                i - ring of magical power
MPRegen 0.55/turn                (no ring)

@: repel missiles
A: small, no large weapons, nightstalker 3
a: Renounce Religion


You were on level 4 of the Dungeon.
You worshipped Ashenzari.
Ashenzari was noncommittal.
You visited 1 branch of the dungeon, and saw 4 of its levels.
You also visited: Sewer.

You collected 94 gold pieces.

Inventory:

Hand Weapons
 a - a +2 dagger (weapon)
 b - a +0 sling
 m - a +2 whip of pain
 p - a +0 rapier
Missiles
 d - 12 poisoned darts (quivered)
 e - 3 curare-tipped darts
Armour
 c - a +0 cloak
 f - a +2 helmet (worn)
 g - a scarf of repulsion (worn)
 r - a +0 robe (worn)
 s - a +0 ring mail
 A - a +0 pair of gloves (worn)
 B - a +0 leather armour
Jewellery
 i - a ring of magical power (left hand)
 x - an amulet of magic regeneration (around neck)
Scrolls
 h - 3 scrolls of fear
 k - 2 scrolls of identify
 o - a scroll of magic mapping {unknown}
 u - 3 scrolls of summoning {unknown}
 y - a scroll of teleportation {unknown}
Potions
 j - 2 potions of curing
 l - a potion of flight {unknown}
 n - 2 potions of lignification {unknown}
 q - a potion of degeneration {unknown}
 t - 2 potions of haste {unknown}
 v - a potion of brilliance {unknown}
 w - 4 potions of mutation {unknown}
 z - a potion of heal wounds {unknown}


   Skills:
 - Level 2.1 Fighting
 + Level 6.8 Short Blades
 - Level 2.1 Throwing
 - Level 1.2 Dodging
 + Level 8.7 Stealth


You had 6 spell levels left.
You didn't know any spells.
Your spell library was empty.

Dungeon Overview and Level Annotations

Branches:
Dungeon (4/15)              Sewer (visited)
 Temple: D:4-7

Altars:
Ashenzari


Innate Abilities, Weirdness & Mutations

You are small and have problems with some larger weapons.
You are completely attuned to the shadows.


Message History

Done exploring.
There is a stone staircase leading down here.
You climb downwards.
There is a stone staircase leading up here.
The ogre shouts!
The ogre hits you with a +0 giant club!
You hit the ogre.
The ogre is lightly wounded.
You barely miss the ogre.
The ogre is lightly wounded.
You hit the ogre but do no damage.
The ogre is lightly wounded.
The ogre hits you with a +0 giant club!
You are too injured to fight recklessly!
You are too injured to fight recklessly!
You hit the ogre.
The ogre is lightly wounded.
You hit the ogre.
The ogre is lightly wounded.
The ogre misses you.
You closely miss the ogre.
The ogre is lightly wounded.
You hit the ogre.
The ogre is moderately wounded.
The ogre hits you with a +0 giant club!
* * * LOW HITPOINT WARNING * * *
You hit the ogre.
The ogre is moderately wounded.
You hit the ogre.
The ogre is heavily wounded.
The ogre barely misses you.
You barely miss the ogre.
The ogre is heavily wounded.
You hit the ogre.
The ogre is heavily wounded.
You hit the ogre but do no damage.
The ogre is heavily wounded.
The ogre hits you with a +0 giant club!!
Ouch! That really hurt!
You die...

.#.. ...
#.#
#.####
#<@O.#
........#
####....#
#......
.......


You could see an ogre.

Vanquished Creatures
  Grinder (D:3)
  Pargi (Sewer)
  5 adders
  A worm (D:2)
  4 bats
  6 endoplasms
  2 giant cockroaches (D:1)
  10 goblins
  2 hobgoblins (D:2)
  3 quokkas
  8 ball pythons
  3 frilled lizards
  7 kobolds
  9 rats
62 creatures vanquished.

Vanquished Creatures (others)
  4 toadstools (D:1)
4 creatures vanquished.

Grand Total: 66 creatures vanquished

Notes
Turn   | Place    | Note
-------+----------+-------------------------------------------
     0 | D:1      | jimonade the Kobold Brigand began the quest for the Orb.
     0 | D:1      | Reached XP level 1. HP: 12/12 MP: 1/1
   346 | D:1      | Reached XP level 2. HP: 15/17 MP: 2/2
   825 | D:2      | Found a faded altar of an unknown god.
   828 | D:2      | Reached XP level 3. HP: 21/21 MP: 3/3
  1333 | D:2      | Reached skill level 6 in Stealth
  1333 | D:2      | Reached XP level 4. HP: 26/26 MP: 4/4
  1818 | D:3      | Noticed Grinder
  1823 | D:3      | Killed Grinder
  1824 | D:3      | Reached skill level 8 in Stealth
  1824 | D:3      | Reached XP level 5. HP: 28/30 MP: 5/5
  1824 | D:3      | Reached XP level 6. HP: 33/35 MP: 6/6
  1856 | D:3      | Found a glowing drain.
  1860 | Sewer    | Entered a sewer
  1969 | Sewer    | Noticed Pargi
  1974 | Sewer    | Killed Pargi
  1975 | Sewer    | Reached XP level 7. HP: 40/40 MP: 7/7
  2302 | D:3      | Found a broken altar of Ashenzari.
  2373 | D:3      | Became a worshipper of Ashenzari the Shackled
  2937 | D:4      | HP: 1/40 [ogre/+0 giant club (15)]
  2942 | D:4      | Annihilated by an ogre

Illustrated notes

Levels and vault maps discovered:
D:1:      ldierk_walled_garden_2, layout_loops_ring
D:2:      layout_rooms, hellmonk_ecumenical_altar_prayer_group
D:3:      layout_loops_ring, nicolae_ashenzari_panopticon, portal_sewer_entry_e,
          dk_noncrumbling_2, moated_statue, uniq_grinder
D:4:      minmay_spotlight, layout_loops_ring, minmay_misc_feat_pillars,
          chequers_mini_garden

Skill      XL: |  1  2  3  4 |
---------------+-------------+-----
Short Blades   | 3 4 6 |  6.8
Stealth        | 6 8 |  8.7
Fighting       | |  2.1
Throwing       | |  2.1
Dodging        | |  1.2

Action                   |  1- 3 |  4- 6 |  7- 9 || total
-------------------------+-------+-------+-------++-------
Melee: Dagger            |    71 |    71 |    34 ||   176
       Punch             |       |     1 |     1 ||     2
 Fire: Sling             |       |     2 |     2 ||     4
  Use: Scroll            |       |     4 |       ||     4
 Stab: Sleeping          |    14 |    10 |     2 ||    26
Armor: Robe              |    20 |    18 |     6 ||    44
Dodge: Dodged            |    42 |    52 |     7 ||   101

Table legend: (Time is in decaauts)
 A = Elapsed time spent in this place.
 B = Non-inter-level travel time spent in this place.
 C = Inter-level travel time spent in this place.
 D = Time resting spent in this place.
 E = Time spent auto-exploring this place.
 F = Levels seen in this place.
 G = Mean time per level.
                   A        B        C        D        E       F      G
               +--------+--------+--------+--------+--------+-----+--------+
         Total |   2947 |   2785 |    162 |    295 |   1806 |   5 |  589.4 |
       Dungeon |   2672 |   2510 |    162 |    255 |   1730 |   4 |  668.0 |
         Sewer |    275 |    275 |      0 |     40 |     76 |   1 |  275.0 |
               +--------+--------+--------+--------+--------+-----+--------+

Top non-repeatable levels by time:
     D:2: 951 daAuts
     D:3: 916 daAuts
     D:1: 794 daAuts
   Sewer: 275 daAuts
     D:4: 9 daAuts
